 Dungeon Crawl Stone Soup version 0.30-a0-862-g1aabd4f9c5 (webtiles) character file.

Game seed: 18086039375045704636

193 Newt the Shooter (level 6, 0/40 HPs)
             Began as a Kobold Hunter on Mar 9, 2023.
             Slain by a jelly (2 damage)
             ... on level 3 of the Dungeon.
             The game lasted 00:02:18 (2362 turns).

Newt the Shooter (Kobold Hunter)                    Turns: 2362, Time: 00:02:19

Health: 0/40       AC:  0    Str:  8    XL:     6   Next: 2%
Magic:  6/6        EV: 14    Int: 10    God:
Gold:   113        SH:  5    Dex: 21    Spells: 5/5 levels left

rFire   . . .      SeeInvis .    j - +9 club
rCold   . . .      Faith    .    (no shield)
rNeg    . . .      Spirit   .    c - +0 leather armour
rPois   .          Reflect  +    (no helmet)
rElec   .          Rampage  .    l - +0 cloak
rCorr   .                        (no gloves)
Will    .....                    (no boots)
Stlth   +++                      d - amulet of reflection
HPRegen 0.26/turn                (no ring)
MPRegen 0.10/turn                (no ring)

@: corroded, attractive
A: small, no large weapons, nightstalker 3
a: no special abilities


You were on level 3 of the Dungeon.
You visited 1 branch of the dungeon, and saw 3 of its levels.

You collected 113 gold pieces.

Inventory:

Hand Weapons
 a - a +0 shortbow
 g - the +4 mace "Demonbane" {venom, +Blink rElec rPois}
   (You found it on level 2 of the Dungeon)

   rElec:     It insulates you from electricity.
   rPois:     It protects you from poison.
   +Blink:    It lets you blink.
 j - a +9 club (weapon)
Armour
 c - a +0 leather armour (worn)
 l - a +0 cloak (worn)
Jewellery
 d - an amulet of reflection (around neck)
Wands
 n - a wand of paralysis (5)
Scrolls
 b - a scroll of immolation
 f - a scroll of amnesia
 m - 2 scrolls of identify
Potions
 e - 2 potions of attraction
 h - a potion of might
 i - a potion of heal wounds {unknown}
 k - a potion of flight {unknown}


   Skills:
 - Level 5.0 Fighting
 * Level 3.0 Maces & Flails
 - Level 5.3 Ranged Weapons
 - Level 2.4 Dodging
 - Level 1.3 Stealth


You had 5 spell levels left.
You didn't know any spells.
Your spell library contained the following spells:

 Spells                   Type           Power      Damage    Failure   Level
 Sublimation of Blood     Necr           0%         N/A       63%         2
 Petrify                  Tmut/Erth      0%         N/A       99%         4
 Irradiate                Conj/Tmut      0%         3d11      100%        5


Dungeon Overview and Level Annotations

Branches:
Dungeon (3/15)

Altars:
Kikubaaqudgha

Shops:
D:1 (


Innate Abilities, Weirdness & Mutations

You are small and have problems with some larger weapons.
You are completely attuned to the shadows.


Message History

The jelly is heavily wounded.
The endoplasm quivers.
You block the endoplasm's attack. The endoplasm hits you.
The jelly barely misses you. The endoplasm freezes you.
You are frozen.
The endoplasm closely misses you.
The endoplasm hits the fungus.
The fungus begins to die.
The endoplasm attacks as you move away! The endoplasm closely misses you.
There is an open door here.
The jelly attacks as you move away! You block the jelly's attack.
The endoplasm attacks as you move away! You block the endoplasm's attack.
Things that are here:
a +0 short sword; a kobold corpse The jelly hits something.
You sock the endoplasm!
You kill the endoplasm!
The jelly hits you but does no damage.
You hit the jelly.
Your hands burn!
The jelly is severely wounded.
The jelly hits you.
You are splashed with acid!
You hit the jelly.
Your hands burn!
The jelly is almost dead.
The jelly misses you.
Unknown command.
You thump the jelly!
You kill the jelly!
Your Maces & Flails skill increases to level 3!
You have reached level 6!
You sock the jelly!
Your hands burn!
* * * LOW HITPOINT WARNING * * *
The jelly is severely wounded.
The jelly hits you.
* * * LOW HITPOINT WARNING * * *
The acid corrodes you!
You are splashed with acid.
* * * LOW HITPOINT WARNING * * *
It was a potion of attraction.
You feel attractive to monsters. The jelly hits you.
You die...

.# #.# #.....[........#
#. .# #.#
##.##..........# #. .#
#.# #.############# ###.
.# #.# ### ####### #^..
.# #.# ##########÷..÷..
#### .#
#####......##J.P÷P.. .#
#.##)......#J#.J...J
.####.'........#J#JJ..P.
#
......'.)).....#@#.....J
..
####..'..)...#'#.#.PPJ..
##.
#..##))...#.#.#.....J
...
#.####....#.#.#.P÷.P.
##. #.# #######.## ...
#.. ### ##. . # .


You could see a jelly and 2 endoplasms.

Vanquished Creatures
  A jelly (D:3)
  Crazy Yiuf (D:2)
  Jessica (D:2)
  Robin (D:2)
  An adder (D:2)
  A worm (D:2)
  5 dart slugs
  3 orcs (D:3)
  5 ball pythons
  4 endoplasms
  2 giant cockroaches
  9 goblins
  9 hobgoblins
  4 jackals (D:1)
  4 quokkas
  3 bats
  3 frilled lizards
  12 kobolds
  5 rats
74 creatures vanquished.

Vanquished Creatures (others)
  A fungus (D:3)
  10 toadstools (D:3)
11 creatures vanquished.

Grand Total: 85 creatures vanquished

Notes
Turn   | Place    | Note
-------+----------+-------------------------------------------
     0 | D:1      | Newt the Kobold Hunter began the quest for the Orb.
     0 | D:1      | Reached XP level 1. HP: 12/12 MP: 1/1
    77 | D:1      | Reached XP level 2. HP: 18/18 MP: 2/2
   627 | D:1      | Found Ustoinimi's Weapon Shop.
   725 | D:2      | Reached XP level 3. HP: 24/24 MP: 3/3
   812 | D:2      | Noticed Robin
   840 | D:2      | Killed Robin
   841 | D:2      | Reached XP level 4. HP: 23/30 MP: 4/4
   932 | D:2      | Identified the +4 mace "Demonbane" {venom, +Blink rElec
                  | rPois}
  1172 | D:2      | Noticed Jessica
  1181 | D:2      | Killed Jessica
  1182 | D:2      | Reached skill level 5 in Fighting
  1182 | D:2      | Reached skill level 1 in Maces & Flails
  1182 | D:2      | Reached XP level 5. HP: 35/35 MP: 5/5
  1558 | D:2      | Found a runed translucent door.
  1561 | D:2      | Noticed Crazy Yiuf
  1746 | D:2      | Killed Crazy Yiuf
  2029 | D:3      | Found an ancient bone altar of Kikubaaqudgha.
  2361 | D:3      | Reached XP level 6. HP: 13/40 MP: 6/6
  2361 | D:3      | HP: 2/40 [acid (6)]
  2362 | D:3      | Slain by a jelly

Illustrated notes

Levels and vault maps discovered:
D:1:      ncdulo_watergridlock, layout_basic, serial_shops,
          nicolae_lakefront_shop
D:2:      layout_loops_ring, hangedman_abyss_or_decor_lesser_grid, uniq_robin,
          uniq_crazy_yiuf_cottage, uniq_jessica
D:3:      cheibrodos_fertilizer, layout_loops_ring,
          nicolae_overflow_crystal_walls

Skill      XL: |  1  2  3  4  5 |
---------------+----------------+-----
Fighting       | 3 4 5 |  5.0
Maces & Flails | 1 3 |  3.0
Ranged Weapons | |  5.3
Dodging        | |  2.4
Stealth        | |  1.3

Action                     |  1- 3 |  4- 6 || total
---------------------------+-------+-------++-------
  Melee: Mace              |       |    19 ||    19
         Punch             |       |     1 ||     1
         Club              |       |    65 ||    65
   Fire: Shortbow          |    77 |     6 ||    83
    Use: Scroll            |     2 |       ||     2
         Potion            |     2 |     1 ||     3
   Stab: Sleeping          |       |     8 ||     8
         Distracted        |       |     2 ||     2
 Armour: Leather armour    |    11 |     8 ||    19
         Skin              |     2 |     5 ||     7
  Dodge: Dodged            |    35 |    50 ||    85
  Block: Other             |    11 |    23 ||    34

Table legend: (Time is in decaauts)
 A = Elapsed time spent in this place.
 B = Non-inter-level travel time spent in this place.
 C = Inter-level travel time spent in this place.
 D = Time resting spent in this place.
 E = Time spent auto-exploring this place.
 F = Levels seen in this place.
 G = Mean time per level.
                   A        B        C        D        E       F      G
               +--------+--------+--------+--------+--------+-----+--------+
         Total |   2405 |   2334 |     71 |     71 |   1859 |   3 |  801.7 |
       Dungeon |   2405 |   2334 |     71 |     71 |   1859 |   3 |  801.7 |
               +--------+--------+--------+--------+--------+-----+--------+

Top non-repeatable levels by time:
     D:2: 1159 daAuts
     D:1: 719 daAuts
     D:3: 526 daAuts
